 Dungeon Crawl Stone Soup version 0.25-a0-591-g2ad0d861f1 (webtiles) character file.

Game seed: 11014460075814416038, levelgen mode: classic

1288 EnegeticOcto the Fighter (level 8, -2/72 HPs)
             Began as a Mummy Chaos Knight on Mar 14, 2020.
             Was a Plaything of Xom.
             Slain by a bullfrog skeleton (7 damage)
             ... on level 5 of the Dungeon.
             The game lasted 00:05:25 (5481 turns).

EnegeticOcto the Fighter (Mummy Chaos Knight)       Turns: 5481, Time: 00:05:26

Health: -2/72      AC:  7    Str: 18    XL:     8   Next: 30%
Magic:  8/8        EV: 11    Int: 11    God:    Xom [......]
Gold:   304        SH:  0    Dex: 11    Spells: 5/7 levels left

rFire    x . .     SeeInvis .   h - +3 dagger (venom)
rCold    + . .     Gourm    .   (no shield)
rNeg     + + +     Faith    .   b - +2 leather armour
rPois    ∞         Spirit   .   l - +0 helmet
rElec    .         Reflect  .   (no cloak)
rCorr    .         Harm     .   g - +0 pair of gloves
MR       +....                  (no boots)
Stlth    +.........             (no amulet)
HPRegen  0.22/turn              (no ring)
MPRegen  0.11/turn              (no ring)

@: no status effects
A: no food or potions, fire vulnerability, cold resistance 1, negative energy
resistance 3, torment resistance, unbreathing
a: Renounce Religion


You were on level 5 of the Dungeon.
You worshipped Xom.
You were a very special plaything of Xom.
You were not hungry.

You visited 1 branch of the dungeon, and saw 5 of its levels.
You also visited: Sewer.

You collected 304 gold pieces.

Inventory:

Hand Weapons
 a - a +0 hand axe of chaos
 h - a +3 dagger of venom (weapon)
Missiles
 j - 45 arrows
 o - 8 poisoned darts (quivered)
 q - a throwing net {!f}
Armour
 b - a +2 leather armour (worn)
 g - a +0 pair of gloves (worn)
 l - a +0 helmet (worn)
Scrolls
 c - a scroll of fear {!r}
 d - a scroll of enchant weapon
 e - 5 scrolls of teleportation {@r3 !r}
 f - a scroll of noise
 i - 3 scrolls of blinking {@r4}
 k - 2 scrolls of amnesia {unknown}
 m - 3 scrolls of remove curse {@r2}
 n - a scroll of torment
 p - a scroll of immolation {unknown}
 r - a scroll of random uselessness {unknown}


   Skills:
 - Level 10.0 Fighting
 - Level 2.4 Axes
 + Level 3.1 Armour
 - Level 0.7 Dodging


You had 5 spell levels left.
You knew the following spells:

 Your Spells              Type           Power        Failure   Level  Hunger
Y - Blink                 Tloc           N/A          54%         2    N/A

Your spell library contained the following spells:

 Spells                   Type           Power        Failure   Level  Hunger
 Magic Dart               Conj           #...         38%         1    N/A
 Call Imp                 Summ           #.......     54%         2    N/A
 Slow                     Hex            #.......     54%         2    N/A
 Conjure Flame            Conj/Fire      #.......     77%         3    N/A
 Mephitic Cloud           Conj/Pois/Air  #.......     77%         3    N/A

Dungeon Overview and Level Annotations

Branches:
Dungeon (5/15)              Sewer (visited)
 Temple: D:4-7

Altars:
Ashenzari
Cheibriados
Elyvilon
Fedhas
Hepliaklqana
Nemelex Xobeh
Wu Jian
Xom


Innate Abilities, Weirdness & Mutations

You do not eat or drink.
Your flesh is vulnerable to fire.
You are immune to poison.
Your flesh is cold resistant. (rC+)
You are immune to negative energy. (rN+++)
You are immune to unholy pain and torment.
You can survive without breathing.


Message History

The centaur is moderately wounded.
The centaur hits you! The centaur hits you.
The orc wizard mumbles some strange words.
The orc wizard flickers and vanishes!
Deactivating autopickup; reactivate with Ctrl-A.
You are too injured to fight recklessly!
You are too injured to fight recklessly!
You are too injured to fight recklessly!
You are too injured to fight recklessly!
You are too injured to fight recklessly!
You are too injured to fight recklessly!
You are too injured to fight recklessly!
You are too injured to fight recklessly!
You are too injured to fight recklessly!
You are too injured to fight recklessly!
You are too injured to fight recklessly!
You are too injured to fight recklessly!
You hit the centaur.
The centaur is moderately wounded.
The centaur hits you!
You hit the centaur.
The centaur looks as sick as possible!
The centaur is heavily wounded.
The centaur hits you! The centaur misses you.
You barely miss the centaur.
The centaur is severely wounded.
The centaur hits you but does no damage.
You hit the centaur but do no damage.
The centaur is severely wounded.
The centaur hits you but does no damage.
The centaur barely misses you.
You hit the centaur.
The centaur is almost dead.
The centaur hits you but does no damage.
You hit the centaur.
You kill the centaur!
You hear some strange, mumbled words.
A puff of flame appears from out of thin air!
The puff of flame hits you! The fire burns you terribly!
Xom thinks this is hilarious!
* * * LOW HITPOINT WARNING * * *
You emit a cloud of colourful smoke!
The orc throws a boomerang.
The boomerang barely misses you.
The weapon returns to the orc!
You see here an arrow.
You puncture something!
Something hits you but does no damage. x2
You closely miss something. Something hits you but does no damage.
You closely miss something.
Something hits you but does no damage. x2
You closely miss something. Something hits you.
* * * LOW HITPOINT WARNING * * *
You hit something.
Reactivating autopickup.
Your Armour skill increases to level 3!
You feel a bit more experienced.
You completely miss the orc. "Over there now!"
The bullfrog skeleton blinks!
The orc misses you.
You hit the orc but do no damage.
The orc is poisoned.
The orc barely misses you.
You hit the orc.
You kill the orc!
The orc throws a boomerang.
The boomerang barely misses you.
The weapon returns to the orc!
The orc hits you but does no damage.
Items here: ! ))) [[[ †† You closely miss the orc.
The orc misses you.
You barely miss the orc. The orc hits you but does no damage.
You hit the orc.
The orc is moderately wounded.
The orc barely misses you.
You hit the orc but do no damage.
The orc is poisoned.
The orc is moderately wounded.
The orc hits you with a +0 short sword.
* * * LOW HITPOINT WARNING * * *
You hit the orc but do no damage.
The orc is heavily wounded.
The orc hits you but does no damage.
You hit the orc but do no damage.
The orc looks even sicker.
The orc is severely wounded.
You kill the orc!
You hit the bullfrog skeleton.
The bullfrog skeleton is lightly damaged.
The bullfrog skeleton hits you.
* * * LOW HITPOINT WARNING * * *
The bullfrog skeleton hits you.
* * * LOW HITPOINT WARNING * * *
You hit the bullfrog skeleton.
The bullfrog skeleton is moderately damaged.
The bullfrog skeleton hits you.
* * * LOW HITPOINT WARNING * * *
You hit the bullfrog skeleton.
The bullfrog skeleton is moderately damaged.
The bullfrog skeleton hits you.
* * * LOW HITPOINT WARNING * * *
You hit the bullfrog skeleton.
The bullfrog skeleton is heavily damaged.
The bullfrog skeleton hits you but does no damage.
You hit the bullfrog skeleton.
The bullfrog skeleton is severely damaged.
The bullfrog skeleton hits you!
You die...

# ..#'#
......####
.<....Z@(#
.....#####
... .


You could see a bullfrog skeleton.

Vanquished Creatures
  Pikel (D:3)
  Sigmund (D:3)
  A slave (D:4)
  A centaur (D:5)
  2 bullfrogs (Sewer)
  A killer bee (D:5)
  2 howler monkeys (D:4)
  2 orc priests
  A hound (D:5)
  An orc wizard (D:5)
  A gnoll shaman (D:5)
  2 worker ants
  7 adders
  4 gnolls (D:4)
  An ooze (D:2)
  4 worms
  3 dart slugs
  3 leopard geckos
  9 orcs
  7 giant cockroaches
  6 goblins
  8 hobgoblins
  3 quokkas
  4 ball pythons
  4 bats
  11 frilled lizards
  11 kobolds
  5 rats (D:1)
106 creatures vanquished.

Vanquished Creatures (others)
  2 slaves (D:4)
  A gnoll (D:4)
  A hobgoblin (D:1)
4 creatures vanquished.

Grand Total: 110 creatures vanquished

Notes
Turn   | Place    | Note
-------+----------+-------------------------------------------
     0 | D:1      | EnegeticOcto the Mummy Chaos Knight began the quest for the
                  | Orb.
     0 | D:1      | Reached XP level 1. HP: 18/18 MP: 1/1
    51 | D:1      | XOM: potion effect (invisibility)
   137 | D:1      | XOM: harmless Ice miscast
   265 | D:1      | Reached XP level 2. HP: 24/24 MP: 2/2
   639 | D:1      | XOM: cast spell 'Cause Fear'
   778 | D:1      | XOM: confuse monster(s)
   898 | D:1      | Reached skill level 4 in Fighting
   966 | D:1      | XOM: divination: detect items
  1060 | D:2      | Reached XP level 3. HP: 30/30 MP: 3/3
  1119 | D:2      | XOM: god gift: thick jewelled staff {god gift}
  1294 | D:2      | Found an ornate altar of the Wu Jian Council.
  1555 | D:2      | Reached XP level 4. HP: 38/38 MP: 4/4
  1559 | D:2      | Learned a level 2 spell: Blink
  1589 | D:2      | Found a shimmering altar of Xom.
  1591 | D:2      | Found a hazy altar of Hepliaklqana.
  1591 | D:2      | Found a shimmering blue altar of Sif Muna.
  1593 | D:2      | Found a shattered altar of Ashenzari.
  1593 | D:2      | Found a snail-covered altar of Cheibriados.
  1593 | D:2      | Found a white marble altar of Elyvilon.
  1797 | D:3      | XOM: confuse monster(s)
  1802 | D:3      | Reached skill level 5 in Fighting
  1878 | D:3      | XOM: smoke on damage
  1926 | D:3      | Found a glowing drain.
  1995 | Sewer    | Entered a sewer
  2321 | Sewer    | Noticed a bullfrog
  2328 | Sewer    | Killed a bullfrog
  2328 | Sewer    | Reached skill level 6 in Fighting
  2328 | Sewer    | Reached XP level 5. HP: 40/46 MP: 5/5
  2942 | D:3      | XOM: 1-stop teleportation journey
  3032 | D:3      | XOM: noise
  3173 | D:3      | Reached XP level 6. HP: 51/53 MP: 6/6
  3439 | D:2      | Reached skill level 7 in Fighting
  3555 | D:3      | Noticed Sigmund
  3580 | D:3      | Killed Sigmund
  3708 | D:3      | XOM is BORED!
  3708 | D:3      | XOM: mild Tloc miscast
  3761 | D:3      | XOM: 3-stop teleportation journey
  3767 | D:3      | XOM: scenery: create altars
  4067 | D:4      | Reached skill level 8 in Fighting
  4067 | D:4      | Reached XP level 7. HP: 62/62 MP: 7/7
  4081 | D:4      | Found a sparkling altar of Nemelex Xobeh.
  4087 | D:4      | XOM: 1-stop teleportation journey
  4157 | D:4      | Noticed Pikel
  4190 | D:4      | XOM: cast spell 'Chain of Chaos'
  4195 | D:4      | XOM: mild Tloc miscast
  4214 | D:3      | Killed Pikel
  4214 | D:3      | Reached skill level 9 in Fighting
  4275 | D:3      | XOM: silly message
  4288 | D:3      | XOM: medium Summ miscast
  4289 | D:3      | Noticed a small abomination
  4662 | D:4      | Reached XP level 8. HP: 72/72 MP: 8/8
  4950 | D:4      | XOM: god gift: 56 gold pieces
  5094 | D:4      | Found a blossoming altar of Fedhas.
  5170 | D:5      | Entered Level 5 of the Dungeon
  5304 | D:5      | XOM: confuse monster(s)
  5305 | D:5      | Reached skill level 10 in Fighting
  5436 | D:5      | XOM: repel stairs
  5445 | D:5      | XOM: polymorph orc wizard -> killer bee
  5460 | D:5      | XOM: smoke on damage
  5467 | D:5      | XOM: blink monster(s)
  5481 | D:5      | Slain by a bullfrog skeleton

Levels and vault maps discovered:
D:1:      lightli_arrival_statuegarden, layout_loops_ring
D:2:      layout_loops_ring, doesnt_xom_only_xom, lemuel_round_altar
D:3:      layout_loops_ring, cheibrodos_sewer_entry_drain,
          minmay_fractal_squares_gapless_5, uniq_sigmund
D:4:      layout_layer_cave, nemelex_xobeh_ov_fountains_minmay,
          overflow_temple_1_default, first_ration, uniq_pikel
D:5:      layout_basic, tso_oasis_becter, minmay_temple_entry_statues_pillars,
          serial_shops, shop

Skill      XL: |  1  2  3  4  5  6  7  8 |
---------------+-------------------------+-----
Fighting       | 4 6 8 9 10 | 10.0
Armour         | 3 |  3.1
Axes           | |  2.4
Dodging        | |  0.7

Action                   |  1- 3 |  4- 6 |  7- 9 || total
-------------------------+-------+-------+-------++-------
Melee: Hand axe          |    49 |       |       ||    49
       Dagger            |    45 |   169 |   108 ||   322
  Use: Scroll            |     1 |     7 |       ||     8
 Stab: Confused          |     1 |     1 |       ||     2
       Sleeping          |       |     1 |       ||     1
Armor: Leather armour    |    30 |    65 |    39 ||   134
Dodge: Dodged            |    51 |    91 |    71 ||   213

Table legend:
 A = Non-vault XP
 B = Vault XP
 C = Vault XP percentage of total XP
 D = Non-vault monster count
 E = Vault monster count
 F = Vault count percentage of total count
                 A         B        C        D         E       F
            +---------+---------+-------+---------+---------+-------
      Total |     803 |    1038 |  56.4 |      78 |      28 |  26.4
            +---------+---------+-------+---------+---------+-------
        D:1 |      31 |       0 |   0.0 |      20 |       0 |   0.0
        D:2 |     113 |       0 |   0.0 |      20 |       0 |   0.0
        D:3 |      74 |     820 |  91.7 |      18 |      11 |  37.9
        D:4 |     251 |       0 |   0.0 |      12 |       0 |   0.0
        D:5 |     334 |       0 |   0.0 |       8 |       0 |   0.0
      Sewer |       0 |     218 | 100.0 |       0 |      17 | 100.0
            +---------+---------+-------+---------+---------+-------
